 Dungeon Crawl Stone Soup version 0.29.1-2-gbd0b4ee654 (webtiles) character file.

Game seed: 15674771252790708259

2568 Ivernyr the Frost Mage (level 9, -4/81 HPs)
             Began as a Naga Ice Elementalist on Nov 2, 2022.
             Slain by a manticore (6 damage)
             ... on level 7 of the Dungeon.
             The game lasted 00:20:41 (8185 turns).

Ivernyr the Frost Mage (Naga Ice Elementalist)      Turns: 8185, Time: 00:20:42

Health: -4/81      AC: 17    Str: 13    XL:     9   Next: 57%
Magic:  9/17       EV: 11    Int: 20    God:
Gold:   393        SH:  0    Dex: 11    Spells: 8/19 levels left

rFire   x . .      SeeInvis +   t - +1 flail (protect)
rCold   + . .      Faith    .   (no shield)
rNeg    + . .      Spirit   .   a - +2 robe {Archmagi}
rPois   +          Reflect  .   (no helmet)
rElec   .          Harm     .   (no cloak)
rCorr   .          Rampage  .   (no gloves)
Will    +....      Archmagi +   (no barding)
Stlth   ++........              o - amulet of the Jolly Beggars {rN+ Regen+ Str+2}
HPRegen 1.03/turn               n - ring of ice
MPRegen 0.15/turn               (no ring)

@: ice-armoured, freezing walls, slowed, very slow
A: AC +3, large, see invisible, deformed body, poison resistance, slowness 2,
spit poison 1, naga tail 1
a: Spit Poison


You were on level 7 of the Dungeon.
You visited 1 branch of the dungeon, and saw 7 of its levels.

You collected 393 gold pieces.

Inventory:

Hand Weapons
 t - a +1 flail of protection (weapon)
Armour
 a - a +2 robe of the Archmagi (worn)
Jewellery
 n - a ring of ice (left hand)
 o - the amulet of the Jolly Beggars (around neck) {rN+ Regen+ Str+2}
   (You found it on level 3 of the Dungeon)

   [amulet of regeneration]

   Str:       It affects your strength (+2).
   rN:        It protects you from negative energy.
   Regen:     It increases your rate of health regeneration.
Wands
 h - a wand of light (9)
Scrolls
 e - 3 scrolls of vulnerability
 k - 2 scrolls of amnesia
 l - a scroll of poison {unknown}
 p - 2 scrolls of teleportation {unknown}
 r - a scroll of noise {unknown}
 w - a scroll of fog {unknown}
Potions
 b - 3 potions of magic
 c - a potion of haste {unknown}
 d - 3 potions of resistance
 f - 3 potions of flight {unknown}
 g - 6 potions of curing {unknown}
 i - a potion of berserk rage {unknown}
 j - 4 potions of might
 m - a potion of degeneration {unknown}
 q - 3 potions of attraction {unknown}
 s - 2 potions of brilliance {unknown}
 u - 3 potions of heal wounds {unknown}
 v - 2 potions of ambrosia {unknown}
 x - a potion of mutation {unknown}


   Skills:
 + Level 5.5 Fighting
 + Level 4.9 Dodging
 - Level 3.0 Stealth
 + Level 5.5 Spellcasting
 * Level 9.1 Ice Magic


You had 8 spell levels left.
You knew the following spells:

 Your Spells              Type           Power      Damage    Failure   Level
a - Freeze                Ice            100%       1d11      1%          1
b - Frozen Ramparts       Ice            100%       1d16      1%          3
c - Ozocubu's Armour      Ice            76%        N/A       1%          3
d - Hailstorm             Conj/Ice       52%        3d12      17%         4

Your spell library contained the following spells:

 Spells                   Type           Power      Damage    Failure   Level
 Ensorcelled Hibernation  Hex/Ice        100%       N/A       2%          2
 Summon Small Mammal      Summ           32%        N/A       11%         1
 Conjure Flame            Conj/Fire      8%         6-21      32%         3
 Ignite Poison            Fire/Tmut/Pois 8%         N/A       32%         3
 Portal Projectile        Hex/Tloc       16%        N/A       32%         3
 Spider Form              Tmut/Pois      8%         N/A       32%         3
 Summon Guardian Golem    Hex/Summ       8%         N/A       32%         3
 Tukima's Dance           Hex            8%         N/A       32%         3
 Anguish                  Hex/Necr       4%         N/A       73%         4
 Sticky Flame             Conj/Fire      8%         2d3       73%         4
 Summon Lightning Spire   Summ/Air       8%         N/A       73%         4
 Blade Hands              Tmut           4%         N/A       97%         5
 Summon Mana Viper        Hex/Summ       8%         N/A       97%         5


Dungeon Overview and Level Annotations

Branches:
Dungeon (7/15)
 Temple: D:4-7

Altars:
Fedhas
Gozag
Makhleb
Wu Jian

Annotations:
D:5 3 runed translucent doors, barott's ghost, novice GrFi


Innate Abilities, Weirdness & Mutations

Your serpentine skin is tough. (AC +3)
You have supernaturally acute eyesight. (SInv)
Armour fits poorly on your strangely shaped body.
Your system is resistant to poisons. (rPois)
You cover ground very slowly.
You can spit poison.
You have a snake-like lower body.


Message History

Confirm with . or Enter, or press ? or * to list all spells.
You don't know that spell.
You hit the manticore.
Your weapon exudes an aura of protection.
You punch the manticore, but do no damage.
The manticore is heavily wounded.
The manticore closely misses you. The manticore barely misses you.
The manticore closely misses you. The manticore bites you.
* * * LOW HITPOINT WARNING * * *
The manticore claws you.
* * * LOW HITPOINT WARNING * * *
The manticore claws you but does no damage.
Casting: Ozocubu's Armour (safe; 1% risk of failure)
Confirm with . or Enter, or press ? or * to list all spells.
Casting: Frozen Ramparts (safe; 1% risk of failure)
Press: ? - help, Dir - look around, f - activate You feel a strong surge of power!
The walls around you are covered in ice.
You have got your breath back.
The wall freezes the manticore!
The manticore barely misses you.
The manticore claws you but does no damage.
The manticore claws you.
* * * LOW HITPOINT WARNING * * *
Casting: Frozen Ramparts (safe; 1% risk of failure)
Confirm with . or Enter, or press ? or * to list all spells.
Aiming: Freeze (safe; 1% risk of failure)
Press: ? - help, Shift-Dir - straight line, f - manticore
Aim: a manticore (severely wounded, poisoned)
You feel a strong surge of power!
You freeze the manticore!
The manticore is almost dead.
The manticore looks more healthy.
The wall freezes the manticore.
The manticore barely misses you. x2
The manticore claws you but does no damage.
The wall freezes the manticore but does no damage.
The manticore bites you!
* * * LOW HITPOINT WARNING * * *
The manticore claws you.
* * * LOW HITPOINT WARNING * * *
The manticore claws you.
You die...

#.###.#### #.#
#.########.#
#..........#
#######.#### ##
### #.# #
#)##.# #.# #H
##)).# ###.#
#.##@##.# #...#
#..H###.###.###
#.##.# #.....#
.#. ####### ##
##


You could see a manticore.

Vanquished Creatures
  Prince Ribbit (D:5)
  A wraith (D:7)
  2 water moccasins (D:6)
  2 ogres
  3 black bears
  A centaur (D:7)
  2 kobold brigands
  Blork the orc (D:4)
  2 scorpions
  2 necrophages
  4 wights (D:7)
  4 howler monkeys
  2 hounds
  3 orc priests
  5 iguanas
  Natasha (thrice) (D:2)
  2 orc wizards (D:5)
  8 gnolls
  7 adders
  A river rat (D:4)
  2 shadow imps
  A white imp (D:6)
  An ufetubus (D:4)
  3 worms (D:4)
  2 dart slugs
  16 orcs
  7 endoplasms
  5 giant cockroaches
  3 goblins
  5 hobgoblins
  11 jackals
  4 quokkas
  7 ball pythons
  7 bats
  A frilled lizard (D:2)
  4 kobolds
  3 rats
138 creatures vanquished.

Vanquished Creatures (others)
  5 demonic plants (D:2)
  9 fungi (D:2)
  5 plants
19 creatures vanquished.

Grand Total: 157 creatures vanquished

Notes
Turn   | Place    | Note
-------+----------+-------------------------------------------
     0 | D:1      | Ivernyr the Naga Ice Elementalist began the quest for the
                  | Orb.
     0 | D:1      | Reached XP level 1. HP: 15/15 MP: 3/3
   344 | D:1      | Reached XP level 2. HP: 24/24 MP: 5/5
  1093 | D:2      | Reached skill level 1 in Fighting
  1093 | D:2      | Reached XP level 3. HP: 18/31 MP: 1/6
  1488 | D:2      | Noticed Natasha
  1494 | D:2      | Killed Natasha
  1495 | D:2      | Reached XP level 4. HP: 38/38 MP: 5/7
  1565 | D:2      | Noticed Natasha
  1575 | D:2      | Killed Natasha
  1579 | D:2      | Found an ornate altar of the Wu Jian Council.
  1585 | D:2      | Got Zuwasy's Precepts of Calling
  1855 | D:2      | Reached skill level 5 in Ice Magic
  1855 | D:2      | Reached XP level 5. HP: 41/45 MP: 5/9
  1862 | D:2      | Learned a level 3 spell: Frozen Ramparts
  1866 | D:2      | Learned a level 3 spell: Ozocubu's Armour
  1901 | D:2      | Noticed Natasha
  1908 | D:2      | Killed Natasha
  1926 | D:2      | Found a faded altar of an unknown god.
  2331 | D:3      | Noticed a kobold brigand
  2340 | D:3      | Killed a kobold brigand
  2341 | D:3      | HP: 1/45 [giant cockroach (2)]
  2698 | D:3      | Identified the amulet of the Jolly Beggars {rN+ Regen+
                  | Str+2}
  2712 | D:3      | Reached XP level 6. HP: 50/52 MP: 8/10
  2978 | D:3      | Found an opulent altar of Gozag.
  3867 | D:4      | Reached skill level 6 in Ice Magic
  3946 | D:4      | Reached XP level 7. HP: 52/61 MP: 7/12
  4698 | D:4      | Found a burning altar of Makhleb.
  4698 | D:4      | Found an ornate altar of the Wu Jian Council.
  4914 | D:4      | Noticed Blork the orc
  4923 | D:4      | Killed Blork the orc
  5293 | D:5      | Entered Level 5 of the Dungeon
  5293 | D:5      | Noticed Prince Ribbit
  5303 | D:5      | Killed Prince Ribbit
  5304 | D:5      | Reached skill level 7 in Ice Magic
  5304 | D:5      | Reached XP level 8. HP: 63/72 MP: 6/14
  5755 | D:5      | Identified the +9 short sword "Uleowueth" {vorpal, Drain
                  | rF+ rC+ rCorr}
  5755 | D:5      | Identified the +1 leather armour "Putofon" {Int+5}
  5757 | D:5      | Noticed barott's ghost (novice GrFi)
  5775 | D:5      | Found a runed translucent gate.
  5776 | D:5      | Found a runed translucent gate.
  5777 | D:5      | Found a runed translucent gate.
  5855 | D:5      | Found a blossoming altar of Fedhas.
  6853 | D:6      | Learned a level 4 spell: Hailstorm
  7081 | D:6      | Reached skill level 8 in Ice Magic
  7248 | D:6      | Reached XP level 9. HP: 71/79 MP: 11/16
  7415 | D:6      | Reached skill level 5 in Spellcasting
  7615 | D:6      | Reached skill level 5 in Fighting
  8175 | D:7      | Noticed a manticore
  8181 | D:7      | Reached skill level 9 in Ice Magic
  8185 | D:7      | HP: 3/81 [manticore (9)]
  8185 | D:7      | Slain by a manticore

Illustrated notes

Levels and vault maps discovered:
D:1:      dpeg_arrival_circle_labyrinth_c, layout_loops_ring
D:2:      layout_basic, shapermc_ecumenical_altar_gd, basic_altar, uniq_natasha
D:3:      layout_basic, mainiacjoe_overflow_24_doors, st_stairs_7,
          chequers_serial_rivers_large_a
D:4:      layout_loops_corners, gammafunk_temple_overflow_statue,
          gup_sewer_entry_spiral, uniq_blork_the_orc
D:5:      layout_layer_cave, fedhas_altar_2, biasface_ghost_orc_armoury,
          saegor_snake_ambush, uniq_prince_ribbit1
D:6:      layout_loops_corners
D:7:      minmay_cornered_nines, layout_rooms, grunt_qazlal_sundering,
          minmay_temple_entry_from_below_a, serial_shops,
          nicolae_shop_waterfront, amethyst_killhole, serial_bayou_crossing

Skill      XL: |  1  2  3  4  5  6  7  8  9 |
---------------+----------------------------+-----
Fighting       | 1 2 3 4 5 |  5.5
Dodging        | 2 3 4 |  4.9
Ice Magic      | 5 6 7 8 9 |  9.1
Spellcasting   | 3 4 5 |  5.5
Stealth        | |  3.0

Action                   |  1- 3 |  4- 6 |  7- 9 || total
-------------------------+-------+-------+-------++-------
Melee: Unarmed           |     5 |    13 |     1 ||    19
       Whip              |       |       |    12 ||    12
       Flail             |       |       |    93 ||    93
       Punch             |       |       |     1 ||     1
 Cast: Freeze            |    21 |    39 |    82 ||   142
       Frozen Ramparts   |       |     5 |    19 ||    24
       Ozocubu's Armour  |       |       |    11 ||    11
 Abil: Spit Poison       |    19 |    21 |    31 ||    71
  Use: Scroll            |       |       |     4 ||     4
 Stab: Sleeping          |     1 |       |     1 ||     2
       Distracted        |       |       |     1 ||     1
Armor: Robe              |     2 |    17 |    95 ||   114
Dodge: Dodged            |    21 |    33 |   129 ||   183
